 Dungeon Crawl Stone Soup version 0.20.1-1-g8b1a95d (webtiles) character file.

186 ChromeMolly the Sneak (level 5, -2/36 HPs)
             Began as an Octopode Fighter on Nov 16, 2017.
             Was an Initiate of Gozag.
             Slain by a slave (8 damage)
             ... led by Pikel
             ... on level 4 of the Dungeon.
             The game lasted 00:16:04 (2560 turns).

ChromeMolly the Sneak (Octopode Fighter)            Turns: 2560, Time: 00:16:05

Health: -2/36      AC:  1    Str: 16    XL:     5   Next: 66%
Magic:  5/5        EV: 12    Int: 10    God:    Gozag
Gold:   145        SH: 10    Dex: 12    Spells: 4/4 levels left

rFire    . . .     SeeInvis .   a - +1 war axe
rCold    + . .     Gourm    .   b - +1 shield
rNeg     . . .     Faith    .   (helmet restricted)
rPois    .         Spirit   .   m - amulet of rage
rElec    .         Reflect  .   s - ring of protection from cold
rCorr    .         Harm     .   (no ring)
MR       .....                  (no ring)
Stlth    +++.......             (no ring)
Regen    0.2/turn               (no ring)
MPRegen  0.1/turn               (no ring)
                                (no ring)
                                (no ring)

@: no status effects
A: almost no armour, stealthy swim, amphibious, 8 rings, constrict 8, camouflage
1, gelatinous body 1
a: Potion Petition, Call Merchant, Bribe Branch, Renounce Religion, Evoke
Berserk Rage


You were on level 4 of the Dungeon.
You worshipped Gozag.
Gozag was aware of your devotion.
You were full.

You visited 1 branch of the dungeon, and saw 4 of its levels.

You collected 184 gold pieces.
You paid 39 gold pieces to Gozag.

Inventory:

Hand Weapons
 a - a +1 war axe (weapon)
 e - a +0 dagger
Missiles
 f - 71 stones (quivered)
Armour
 b - a +1 shield (worn)
Jewellery
 m - an amulet of rage (around mantle)
 p - an uncursed amulet of the gourmand
 s - a ring of protection from cold (left tentacle)
Wands
 l - a wand of lightning (15/15)
Scrolls
 h - 2 scrolls of remove curse
 j - a scroll of recharging
 o - a scroll of teleportation
 q - 2 scrolls of amnesia
Potions
 c - 2 potions of might
Comestibles
 d - a bread ration
 k - 2 meat rations
 r - a fruit
 t - a royal jelly


   Skills:
 + Level 3.4 Fighting
 * Level 1.5 Short Blades
 + Level 2.3 Axes
 * Level 1.7 Throwing
 + Level 3.6 Dodging
 * Level 4.0 Stealth
 + Level 3.4 Shields


You had 4 spell levels left.
You didn't know any spells.

Dungeon Overview and Level Annotations

Branches:
Dungeon (4/15)
 Temple: D:4-7

Altars:
Gozag
Makhleb
Ru
Trog

Annotations:
D:4 Pikel


Innate Abilities, Weirdness & Mutations

You cannot wear most types of armour.
You are very stealthy in the water. (Stealth+)
You are amphibious.
You can wear up to eight rings at the same time.
You can use your tentacles to constrict eight enemies at once.
Your skin changes colour to match your surroundings (Stealth+).
Your rubbery body absorbs attacks. (AC +1, EV +1)


Message History

Pikel is lightly wounded.
You barely miss the slave. You closely miss the slave. You constrict Pikel.
The slave hits you. The slave hits you! Pikel hits you with a whip of freezing.
The slave hits you!
* * * LOW HITPOINT WARNING * * *
It was a potion of curing.
You feel better.
You constrict Pikel. The slave barely misses you. You block Pikel's attack.
The slave barely misses you.
You hit Pikel.
Pikel is moderately wounded.
You hit the slave. x2; You constrict Pikel.
You block the slave's attack. Pikel hits you with a whip of freezing.
* * * LOW HITPOINT WARNING * * *
Pikel freezes you.
* * * LOW HITPOINT WARNING * * *
The slave hits you.
* * * LOW HITPOINT WARNING * * *
The slave hits you!
You die...
Your body crumbles into a pile of gold.

≈≈.≈ .... $ ....
..# ### .$.# .
...####.##...###
..................
.....##+#..#
.....pK@...#
......ppp..#
...........# $
.....###...#
########...#
#........#
#.#...#..#
#.#...#..#
#.#..)...#


You could see Pikel and 4 slaves.

Vanquished Creatures
  A scorpion (D:4)
  Robin (D:2)
  2 adders (D:3)
  2 oozes (D:1)
  A worm (D:2)
  A dart slug (D:2)
  2 leopard geckos
  2 orcs (D:3)
  4 ball pythons
  8 bats
  2 giant cockroaches (D:1)
  17 goblins
  13 hobgoblins
  6 jackals (D:2)
  7 frilled lizards
  10 kobolds
  A leopard gecko skeleton (D:4)
  7 rats
87 creatures vanquished.

Notes
Turn   | Place    | Note
-------+----------+-------------------------------------------
     0 | D:1      | ChromeMolly the Octopode Fighter began the quest for the Orb.
     0 | D:1      | Reached XP level 1. HP: 16/16 MP: 1/1
    71 | D:1      | Reached XP level 2. HP: 21/21 MP: 2/2
   296 | D:1      | Reached XP level 3. HP: 22/26 MP: 3/3
   362 | D:1      | Reached skill level 1 in Stealth
   789 | D:2      | Found a faded altar of an unknown god.
  1021 | D:2      | Noticed Robin
  1035 | D:2      | Killed Robin
  1035 | D:2      | Reached skill level 1 in Throwing
  1035 | D:2      | Reached skill level 2 in Stealth
  1035 | D:2      | Reached XP level 4. HP: 23/31 MP: 4/4
  1820 | D:3      | Reached skill level 1 in Short Blades
  1898 | D:3      | Reached XP level 5. HP: 30/36 MP: 5/5
  1906 | D:3      | Reached skill level 3 in Stealth
  2046 | D:3      | Found a sacrificial altar of Ru.
  2046 | D:3      | Found a bloodstained altar of Trog.
  2047 | D:3      | Found an opulent altar of Gozag.
  2084 | D:3      | Became a worshipper of Gozag Ym Sagoz the Greedy
  2184 | D:3      | Found a burning altar of Makhleb.
  2524 | D:4      | Reached skill level 4 in Stealth
  2545 | D:4      | Noticed Pikel
  2547 | D:4      | Noticed a slave
  2551 | D:4      | Noticed a slave
  2552 | D:4      | Noticed a slave
  2552 | D:4      | Noticed a slave
  2560 | D:4      | Slain by a slave

Skill      XL: |  1  2  3  4  5 |
---------------+----------------+-----
Stealth        | 2 4 |  4.0
Throwing       | 1 |  1.7
Short Blades   | 1 |  1.5
Fighting       | |  3.4
Axes           | |  2.3
Dodging        | |  3.6
Shields        | |  3.4

Action                   |  1- 3 |  4- 6 || total
-------------------------+-------+-------++-------
Melee: War axe           |    22 |     3 ||    25
       Constrict         |    21 |    26 ||    47
       Tentacles         |    14 |    22 ||    36
       Dagger            |    59 |    81 ||   140
Throw: Stone             |    12 |    28 ||    40
  Use: Scroll            |       |     7 ||     7
       Potion            |       |     1 ||     1
 Stab: Sleeping          |     5 |    14 ||    19
  Eat: Chunk             |       |    17 ||    17
Armor: Skin              |     5 |     6 ||    11
Dodge: Dodged            |    21 |    30 ||    51
Block: Shield            |    25 |    30 ||    55
